[Event "Early-Titled-Tuesday-Blitz-March-05-2024"]
[Site "Chess.com"]
[Date "2024.03.05"]
[Round "4"]
[White "Pingah9"]
[Black "Iball95"]
[Result "0-1"]
[WhiteElo "2597"]
[BlackElo "2909"]
[TimeControl "180+1"]
[EndTime "8:41:45 PST"]
[Termination "Iball95 won by resignation"]

1. e4 c5 2. Nc3 e6 3. g3 d5 4. Bg2 Nf6 5. d3 dxe4 6. Nxe4 Nxe4 7. Bxe4 g6 8. Ne2 Bg7 9. h4 h5 10. Bg5 Qc7 11. c3 Bd7 12. Qd2 Bc6 13. O-O O-O 14. Bh6 Rd8 15. Bxg7 Kxg7 16. Qe3 Nd7 17. Rfe1 Rac8 18.
Rad1 Bxe4 19. dxe4 Ne5 20. c4 Qa5 21. b3 Qxa2 22.
Qc3 f6 23. Nf4 Kf7 24. Nd5 exd5 25. exd5 Re8 26. Ra1 Qd2 27. Qxd2 Nf3+ 28. Kg2 Nxd2 29. Red1 Nxb3 30. Rxa7 Rc7 31. Rb1 Nd2 32. Rbxb7 Rxb7 33. Rxb7+ Re7 34. Rb5 Nxc4 35. Rxc5 Ne5 36. f3 Rd7 37.
Ra5 Nc4 38. Rc5 Ne3+ 39. Kf2 Nxd5 40. g4 Nf4 41. Ra5 Kg7 42. Kg3 Nd5 43. gxh5 gxh5 44. f4 Kg6 45. Kf3 Ne7 46. Ke4 Rb7 47. Ra6 Rb4+ 48.
Kf3 Nf5 0-1

[Event "Early-Titled-Tuesday-Blitz-March-05-2024"]
[Site "Chess.com"]
[Date "2024.03.05"]
[Round "4"]
[White "MyDream003"]
[Black "Viacheslav92"]
[Result "1-0"]
[WhiteElo "2765"]
[BlackElo "2544"]
[TimeControl "180+1"]
[EndTime "8:41:45 PST"]
[Termination "MyDream003 won by resignation"]

1. Nf3 Nf6 2. g3 d5 3. Bg2 Bg4 4. O-O Nbd7 5. d4 c6 6. Ne5 Bh5 7. c4 e6 8. Nc3 Be7 9. Qb3 Qb6 10.
Bf4 Qxb3 11. axb3 O-O 12. h3 Nxe5 13. Bxe5 Bg6 14. c5 Ne4 15. Bxe4 Bxe4 16. b4 a6 17. g4 f6 18. Bg3 Rae8 19. f3 Bg6 20. e4 f5 21. gxf5 exf5 22. exd5 Bf6 23. Rad1 Bf7 24.
Bd6 Be7 25. Bxe7 Rxe7 26. d6 Ree8 27. Rfe1 Bc4 28. f4 Kf7 29. Re5 Rxe5 30. dxe5 Ke6 31. Kf2 Ra8 32. h4 Bb3 33. Ra1 Rf8 34. Ke3 Kd7 35.
Rg1 Rf7 36. Ne2 Be6 37. Nd4 Bd5 38. Rg5 Be6 39. Rg3 Bd5 40. Rg1 Be6 41. Nf3 h6 42.
Nd4 Bc4 43. Rg6 Ke8 44. e6 Rf6 45. Rxg7 1-0

[Event "Early-Titled-Tuesday-Blitz-March-05-2024"]
[Site "Chess.com"]
[Date "2024.03.05"]
[Round "4"]
[White "Igor_Lysyj"]
[Black "TitarovVasiliYouTube"]
[Result "0-1"]
[WhiteElo "2814"]
[BlackElo "2528"]
[TimeControl "180+1"]
[EndTime "8:41:45 PST"]
[Termination "TitarovVasiliYouTube won by resignation"]

1. d4 d5 2. c4 e6 3. Nf3 Nf6 4. g3 Be7 5. Bg2 O-O 6. O-O dxc4 7. Na3 Bxa3 8. bxa3 Nc6 9. a4 Re8 10. Bb2 Bd7 11. Qc2 Na5 12. Ne5 Nd5 13. e4 Nb6 14. Nxd7 Qxd7 15. Bc3 Nc6 16. a5 Nc8 17. Rfd1 Nd6 18. d5 exd5 19. Rxd5 Qe6 20. e5 Nf5 21.
Rad1 Nfe7 22. Rd7 Nxe5 23. Rxc7 Nd3 24. Rxb7 Rad8 25. Rxa7 Nd5 26. Bxd5 Qxd5 27. a6 Qf3 28. Rf1 Re2 29. Qd1 Rde8 30. Bd4 Ne1 0-1

[Event "Early-Titled-Tuesday-Blitz-March-05-2024"]
[Site "Chess.com"]
[Date "2024.03.05"]
[Round "4"]
[White "SirStrateg"]
[Black "crazy_m_attack"]
[Result "0-1"]
[WhiteElo "2666"]
[BlackElo "2499"]
[TimeControl "180+1"]
[EndTime "8:41:46 PST"]
[Termination "crazy_m_attack won by resignation"]

1. d4 d5 2. Bf4 Nf6 3. e3 c5 4.
c3 Nc6 5. Nd2 Qb6 6. Qb3 g6 7.
Ngf3 c4 8. Qc2 Bf5 9. Qc1 Bg7 10. h3 O-O 11. b3 cxb3 12. axb3 Rac8 13. Qa3 Rfe8 14.
b4 a6 15. Nb3 Ne4 16. Nc5 e5 17. dxe5 Nxe5 18. Bxe5 Bxe5 19. Nxe4 Bxe4 20. Nxe5 Rxe5 21. Kd2 Re6 22. Qa5 Qc6 23. Ra3 d4 24. f3 dxe3+ 25.
Kxe3 Bxf3+ 26. Kf2 Bxg2 27. Bxg2 Re2+ 28. Kxe2 Qxg2+ 29. Kd3 Qxh1 30. Qe5 Qd1+ 31. Ke4 Rc4+ 0-1

[Event "Early-Titled-Tuesday-Blitz-March-05-2024"]
[Site "Chess.com"]
[Date "2024.03.05"]
[Round "4"]
[White "maximnovik"]
[Black "salzikis"]
[Result "1-0"]
[WhiteElo "2602"]
[BlackElo "2410"]
[TimeControl "180+1"]
[EndTime "8:41:46 PST"]
[Termination "maximnovik won by resignation"]

1. e4 e5 2. Nf3 Nf6 3. Nxe5 d6 4. Nf3 Nxe4 5. d3 Nf6 6. d4 d5 7. Bd3 Bd6 8. Qe2+ Qe7 9. Qxe7+ Bxe7 10. Bf4 c6 11.
O-O O-O 12. Re1 Re8 13. c4 dxc4 14. Bxc4 Nbd7 15. Ng5 Nd5 16. Bxd5 cxd5 17. Bd6 h6 18. Rxe7 Rxe7 19. Bxe7 hxg5 20. Bxg5 f6 21. Bf4 Nb6 22. Nc3 Be6 23. Re1 Kf7 24. h4 a6 25.
b3 Rc8 26. Re3 Nd7 27. f3 b5 28. Kf2 Nb6 29. Bd6 Rc6 30. Bc5 Nd7 31. b4 Nb6 32. Bxb6 Rxb6 33. Ne2 g5 34. hxg5 fxg5 35. Rc3 a5 36. a3 axb4 37. axb4 Ke7 38. Rc5 Kd6 39. Nc3 Rb8 40. Nxb5+ Kd7 41. Ke3 Rb7 42. g4 Rb8 43.
Nc3 Rxb4 44. Nxd5 Rb3+ 45. Ke4 Kd6 46. Ne3 Bd7 47. Rxg5 Bc6+ 48. d5 Rb4+ 49. Kd3 Bb5+ 50. Kc3 Rf4 51. Nf5+ Kxd5 52. Nd4+ Kd6 53. Rxb5 Ke7 54.
Rf5 1-0

[Event "Early-Titled-Tuesday-Blitz-March-05-2024"]
[Site "Chess.com"]
[Date "2024.03.05"]
[Round "4"]
[White "betta2004"]
[Black "Christ_is_alive"]
[Result "1-0"]
[WhiteElo "2555"]
[BlackElo "2359"]
[TimeControl "180+1"]
[EndTime "8:41:48 PST"]
[Termination "betta2004 won on time"]

1. d4 Nf6 2. Nc3 d5 3. Bg5 Nbd7 4. Qd3 e6 5. Nf3 c5 6. e4 h6 7. Bxf6 Nxf6 8. dxc5 Nxe4 9. Nxe4 dxe4 10. Qxd8+ Kxd8 11. Ne5 Ke7 12. Nc4 Bd7 13. O-O-O Bc6 14. Nd6 g5 15. b4 Bg7 16. b5 Bd7 17. Nxb7 Rhc8 18. c6 Be8 19. Nd6 Rc7 20. Be2 Be5 21. Nc4 Bf4+ 22. Kb2 Rb8 23. a4 a6 24. Na5 Bxc6 25. c4 axb5 26.
axb5 Be8 27. Kc3 Be5+ 28. Kb3 f5 29. Rb1 Bf7 30. h4 g4 31. Rhc1 Bd4 32. Ka4 Kf6 33. Nc6 Ra8+ 34. Kb4 Bxf2 35. c5 Bg3 36. Na5 Be8 37.
b6 Rcc8 38. b7 Rcb8 39. c6 Bxc6 40. Rxc6 Ra7 41. Ba6 Bf4 42. Rc8 Bd2+ 43. Kb5 Rxa6 44. Kxa6 1-0

[Event "Early-Titled-Tuesday-Blitz-March-05-2024"]
[Site "Chess.com"]
[Date "2024.03.05"]
[Round "4"]
[White "lagunanivaria"]
[Black "chezzgirl04"]
[Result "0-1"]
[WhiteElo "2427"]
[BlackElo "2143"]
[TimeControl "180+1"]
[EndTime "8:41:48 PST"]
[Termination "chezzgirl04 won by resignation"]

1. e3 e5 2. d4 e4 3. c4 c6 4. Nc3 Qe7 5. Nge2 Nf6 6. a3 g6 7.
Nf4 Bg7 8. Be2 O-O 9. O-O Ne8 10. f3 exf3 11. Bxf3 d6 12. Bd2 Be6 13. Qe2 Nd7 14.
Nxe6 fxe6 15. Bg4 Nef6 16. Bh3 Rae8 17. e4 d5 18. e5 Nh5 19. cxd5 exd5 20. Rxf8+ Rxf8 21. Qg4 Nb6 22. Qe6+ Qxe6 23. Bxe6+ Kh8 24. Rf1 Nc4 25.
Bc1 c5 26. Bxd5 Rxf1+ 27. Kxf1 cxd4 28. Bxc4 dxc3 29. bxc3 Bxe5 30. Bd2 Bxh2 31. Bd5 b6 32. c4 Ng3+ 33. Kf2 Kg7 34. Bc3+ Kf8 35. Bb4+ Ke8 36.
Bg8 h5 37. Bh7 g5 38. Bd2 g4 39. Bg5 Kd7 40. Bh4 Nh1+ 41. Ke2 Kc6 42. Bg6 Bg3 43. Bf6 Bd6 44. Bxh5 Ng3+ 45. Kd3 Nxh5 46. a4 Nxf6 0-1

[Event "Early-Titled-Tuesday-Blitz-March-05-2024"]
[Site "Chess.com"]
[Date "2024.03.05"]
[Round "4"]
[White "Elsa167"]
[Black "Kotlyar_K"]
[Result "1-0"]
[WhiteElo "2925"]
[BlackElo "2597"]
[TimeControl "180+1"]
[EndTime "8:41:49 PST"]
[Termination "Elsa167 won by resignation"]

1. e4 c5 2. Nf3 d6 3. d4 cxd4 4.
Qxd4 Nf6 5. Nc3 Nc6 6. Bb5 Bd7 7. Bxc6 Bxc6 8. Bg5 e6 9. O-O-O Be7 10. Rhe1 Qa5 11.
Nd5 Bxd5 12. exd5 h6 13. Bh4 Qxa2 14. dxe6 fxe6 15. c3 O-O 16. Bxf6 Rxf6 17. Qe4 d5 18. Qc2 Bd6 19. Rd4 Bf4+ 20. Kd1 Raf8 21. Ra4 Qxa4 22. Qxa4 g5 23. h3 a6 24. Qd7 R8f7 25. Qc8+ Rf8 26. Qxb7 e5 27. Qxd5+ Kg7 28. Kc2 R6f7 29. Nxe5 Re7 30.
g3 Bxe5 31. Rxe5 Rxf2+ 32. Kb1 Ref7 33. Re6 Rf1+ 34. Ka2 R1f5 35. Re5 Rf2 36. Qe4 Rh2 37.
Re7 Rf2 38. Rxf7+ Rxf7 39. b4 Rf6 40. Kb3 h5 41. h4 Kh6 42. hxg5+ Kxg5 43. c4 Rf5 44. c5 Rf6 45. c6 Kh6 46. c7 Rf8 47. Qc6+ Kg7 48. c8=Q Rxc8 49. Qxc8 h4 50. gxh4 a5 51.
bxa5 1-0

[Event "Early-Titled-Tuesday-Blitz-March-05-2024"]
[Site "Chess.com"]
[Date "2024.03.05"]
[Round "4"]
[White "HATilay"]
[Black "Balla_Tamas"]
[Result "1-0"]
[WhiteElo "2676"]
[BlackElo "2427"]
[TimeControl "180+1"]
[EndTime "8:41:50 PST"]
[Termination "HATilay won by checkmate"]

1. e4 c5 2. Nf3 Nc6 3. Bb5 Nf6 4. Nc3 Nd4 5. Bc4 e6 6. e5 d5 7. Bd3 Nd7 8. Nxd4 cxd4 9. Ne2 Nxe5 10. Bb5+ Bd7 11.
Nxd4 Bc5 12. Bxd7+ Qxd7 13. Nb3 Bb6 14. O-O O-O 15. d3 Rac8 16. a4 a6 17. Bd2 Ng6 18.
Bc3 e5 19. a5 Ba7 20. Qf3 d4 21.
Bb4 Rfe8 22. Rac1 Bb8 23. Rfe1 Qc7 24. g3 Qd7 25. Nd2 Rc6 26. Nc4 Rf6 27. Qe4 Qh3 28. Qg2 Qh5 29. Kh1 h6 30. Re4 Rfe6 31. Rce1 f5 32.
R4e2 e4 33. dxe4 fxe4 34. Nd2 e3 35. fxe3 dxe3 36. Nf1 Ba7 37. Bc3 Qg5 38. Qxb7 Bc5 39. Qxg7# 1-0

[Event "Early-Titled-Tuesday-Blitz-March-05-2024"]
[Site "Chess.com"]
[Date "2024.03.05"]
[Round "4"]
[White "FMStan15"]
[Black "kyuotbi"]
[Result "1-0"]
[WhiteElo "2088"]
[BlackElo "2292"]
[TimeControl "180+1"]
[EndTime "8:41:50 PST"]
[Termination "FMStan15 won by resignation"]

1. e4 e5 2. Nf3 Nc6 3. Bb5 a6 4. Bxc6 dxc6 5. O-O f6 6. d4 exd4 7. Nxd4 Ne7 8. Nc3 Ng6 9. Be3 Bd6 10. f4 Bc5 11.
Nf5 Bxe3+ 12. Nxe3 Qe7 13. Qf3 O-O 14. Kh1 Bd7 15.
Rfe1 Rae8 16. Rad1 Be6 17. a3 Qc5 18. Qf2 Bc8 19.
Re2 Qh5 20. Rde1 Qh6 21. Rf1 Rd8 22. Nf5 Qh5 23. Ng3 Qg4 24. h3 Qh4 25. Nf5 Bxf5 26. exf5 Qxf2 27. Rfxf2 Nh4 28. g4 h5 29. Kh2 g5 30. fxg6 Nxg6 31. Kg3 h4+ 32. Kf3 f5 33. g5 Rfe8 34. Rxe8+ Rxe8 35. Rd2 Rd8 36. Rxd8+ 1-0

[Event "Early-Titled-Tuesday-Blitz-March-05-2024"]
[Site "Chess.com"]
[Date "2024.03.05"]
[Round "4"]
[White "JohnWhite1952"]
[Black "ChessboArt"]
[Result "1-0"]
[WhiteElo "1996"]
[BlackElo "2256"]
[TimeControl "180+1"]
[EndTime "8:41:50 PST"]
[Termination "JohnWhite1952 won by checkmate"]

1. e4 c6 2. d4 d5 3. Nc3 g6 4. Nf3 Bg7 5. Bf4 Bg4 6. exd5 cxd5 7. Be2 Nc6 8. Be3 Nh6 9. h3 Bxf3 10. Bxf3 Nf5 11. Nxd5 Ncxd4 12. Bxd4 Nxd4 13. c3 Nxf3+ 14. Qxf3 O-O 15. Rd1 e6 16. Ne3 Qb6 17. O-O Qxb2 18. Ng4 Qxa2 19. Qxb7 h5 20. Ne3 Bxc3 21. Rd7 Qb2 22. Qe4 a5 23. Rb7 Qa2 24. Nc4 Bg7 25. Rfb1 a4 26. Ne5 a3 27. Nxg6 f5 28. Ne7+ Kh8 29. Qf3 Rf6 30. Qxh5+ Rh6 31. Qf7 Qe2 32. Ng6+ Rxg6 33. Qxg6 Rg8 34. Rxg7 Rxg7 35. Rb8+ Rg8 36. Qxg8# 1-0

[Event "Early-Titled-Tuesday-Blitz-March-05-2024"]
[Site "Chess.com"]
[Date "2024.03.05"]
[Round "4"]
[White "Yushko_Olga"]
[Black "marik_spb"]
[Result "0-1"]
[WhiteElo "2203"]
[BlackElo "2458"]
[TimeControl "180+1"]
[EndTime "8:41:51 PST"]
[Termination "marik_spb won by resignation"]

1. d4 Nf6 2. c4 e6 3. Nc3 Bb4 4. Bd2 O-O 5. Nf3 d5 6. cxd5 exd5 7. e3 Bf5 8. Be2 Nbd7 9. O-O c6 10. Qb3 a5 11. a3 Bxc3 12. bxc3 Qc7 13. c4 dxc4 14. Bxc4 b5 15. Bd3 Bxd3 16. Qxd3 Qd6 17. Qc2 c5 18. dxc5 Qxc5 19. Qxc5 Nxc5 20. Rab1 Rfb8 21. Rfc1 Nfe4 22. Be1 h6 23. Nd4 Nd3 24. Rd1 Nxe1 25. Rxe1 b4 26. axb4 Rxb4 27. Rxb4 axb4 28. f3 Nc3 29.
Rc1 Rc8 30. Rc2 Kf8 31. Rb2 Rc4 32. Kf1 Nd5 33. Ke2 Rc3 34. e4 Nf4+ 35. Kf1 Rc1+ 36.
Kf2 Nd3+ 0-1

[Event "Early-Titled-Tuesday-Blitz-March-05-2024"]
[Site "Chess.com"]
[Date "2024.03.05"]
[Round "4"]
[White "wonderfultime"]
[Black "Byniolus"]
[Result "1-0"]
[WhiteElo "3033"]
[BlackElo "2816"]
[TimeControl "180+1"]
[EndTime "8:41:52 PST"]
[Termination "wonderfultime won on time"]

1. d4 d6 2. e4 Nf6 3. Nc3 c6 4. h3 b5 5. Bd3 e5 6. Nf3 Nbd7 7. O-O Be7 8. Ne2 O-O 9. c3 Re8 10. Ng3 Bf8 11. Re1 a6 12. Bc2 c5 13. Bg5 cxd4 14.
cxd4 Bb7 15. Bb3 h6 16. Bxf6 Nxf6 17. Rc1 Rc8 18. dxe5 Rxc1 19. Qxc1 dxe5 20. Qc3 Qb8 21. Nh4 Qc8 22. Qf3 a5 23. a3 a4 24. Ba2 Qc2 25.
Re2 Qc1+ 26. Kh2 Qa1 27. b4 Rc8 28. Nhf5 Rc6 29. Qd3 Qc3 30. Qd8 Rc7 31. Nxh6+ gxh6 32. Qxf6 Qxa3 33. Nf5 Qxb4 34. Re3 Kh7 35. Bxf7 1-0

[Event "Early-Titled-Tuesday-Blitz-March-05-2024"]
[Site "Chess.com"]
[Date "2024.03.05"]
[Round "4"]
[White "jaskol95"]
[Black "eagleclaw07"]
[Result "1-0"]
[WhiteElo "2596"]
[BlackElo "2840"]
[TimeControl "180+1"]
[EndTime "8:41:52 PST"]
[Termination "jaskol95 won by checkmate"]

1. e4 c6 2. d4 d5 3. e5 Bf5 4. Nd2 e6 5. Nb3 Nd7 6. Nf3 a6 7. Be3 h6 8. h3 g5 9. g4 Be4 10. Bd3 Bxd3 11. Qxd3 Bg7 12. O-O-O Ne7 13. h4 gxh4 14.
Rxh4 Qc7 15. Rdh1 O-O-O 16. Bxh6 Bxh6+ 17. Rxh6 Rhg8 18. Rh7 Rdf8 19. Rg1 Ng6 20. Qe3 Qd8 21. c3 Rh8 22. Rgh1 Rhg8 23. Nh4 Qe7 24. Nxg6 Rxg6 25. f3 Rfg8 26. Qd3 Qe8 27. Nd2 f6 28. exf6 Rxf6 29.
Nf1 Rgf8 30. Nd2 e5 31. dxe5 Nxe5 32. Qe3 Re6 33. Qa7 Nd7 34. Rxd7 Kxd7 35. Qxb7+ Kd6 36. Rd1 Re1 37. Nc4+ Kc5 38. Qb4# 1-0

[Event "Early-Titled-Tuesday-Blitz-March-05-2024"]
[Site "Chess.com"]
[Date "2024.03.05"]
[Round "4"]
[White "Jumbo"]
[Black "manitodeplomo"]
[Result "1-0"]
[WhiteElo "2935"]
[BlackElo "2715"]
[TimeControl "180+1"]
[EndTime "8:41:53 PST"]
[Termination "Jumbo won on time"]

1. d4 Nf6 2. Nf3 e6 3. Bf4 c5 4. e3 b6 5. Nc3 d6 6. Bb5+ Bd7 7. dxc5 dxc5 8. Ne5 a6 9. Nxd7 Nbxd7 10. Bc6 Ra7 11. Qf3 Qc8 12. O-O-O Be7 13. g4 h6 14. h4 Kf8 15. g5 Ne8 16. Bxd7 Rxd7 17. Rxd7 Qxd7 18. Rd1 Qc8 19. gxh6 gxh6 20. a4 Bxh4 21. Qh5 Bf6 22.
Ne4 Bg7 23. Bd6+ Nxd6 24. Nxd6 Qc7 25. Nxf7 Qxf7 26. Rd8+ Ke7 27. Rd7+ Kxd7 28. Qxf7+ Kd6 29. Qxg7 Rd8 30. Qxh6 b5 31. a5 Rd7 32. Qf8+ Kc6 33. Qc8+ 1-0

[Event "Early-Titled-Tuesday-Blitz-March-05-2024"]
[Site "Chess.com"]
[Date "2024.03.05"]
[Round "4"]
[White "Rodalquilar"]
[Black "Coach_Istvanovszki"]
[Result "1-0"]
[WhiteElo "2807"]
[BlackElo "2446"]
[TimeControl "180+1"]
[EndTime "8:41:53 PST"]
[Termination "Rodalquilar won by resignation"]

1. d4 g6 2. e4 Bg7 3. Nc3 d6 4. Nf3 a6 5. a4 Nc6 6. h3 Nf6 7. Be2 O-O 8. O-O e5 9. dxe5 dxe5 10. Be3 Qe7 11. Nd5 Nxd5 12. exd5 Nd4 13. Nxd4 exd4 14. Bf4 Bf5 15. Re1 Qc5 16. Bd3 Qxd5 17.
Bxc7 Rac8 18. Bf4 Rfe8 19. Qd2 Re6 20. Rxe6 Bxe6 21. a5 h5 22. Re1 Rc5 23. b4 Rc3 24. Be4 Qd7 25. Rd1 Bf5 26. Qxc3 Bxe4 27. Qc5 Qc6 28.
Qxc6 bxc6 29. Rd2 Kf8 30. Bd6+ Ke8 31. Bc5 Bh6 32. Re2 f5 33. f3 Be3+ 34. Rxe3 dxe3 35. fxe4 f4 36. h4 Kd7 37. g3 e2 38. Kf2 f3 39.
Bd4 Ke6 40. Bc3 c5 41. bxc5 1-0

[Event "Early-Titled-Tuesday-Blitz-March-05-2024"]
[Site "Chess.com"]
[Date "2024.03.05"]
[Round "4"]
[White "Antipov_Mikhail_Al"]
[Black "Neijin"]
[Result "1-0"]
[WhiteElo "2945"]
[BlackElo "2713"]
[TimeControl "180+1"]
[EndTime "8:41:54 PST"]
[Termination "Antipov_Mikhail_Al won by checkmate"]

1. e4 e5 2. Nf3 Nc6 3. Bc4 Nf6 4. d3 Bc5 5. O-O d6 6. c3 h6 7. Nbd2 a5 8. Re1 O-O 9. Nf1 Ne7 10. Ng3 Ng6 11.
h3 c6 12. Bb3 Ba7 13. d4 Qc7 14. a4 Kh8 15. Be3 exd4 16. cxd4 d5 17. e5 Ne4 18. Bc2 Nxg3 19. fxg3 Be6 20. Qd2 f5 21. Bxh6 gxh6 22. Qxh6+ Qh7 23. Qxh7+ Kxh7 24. Ng5+ Kh6 25. Nxe6 Rf7 26. g4 fxg4 27. Rf1 Nxe5 28. Rxf7 Nxf7 29. Rf1 Ne5 30. Rf6+ Kh5 31. Rf5+ Kh4 32. Rxe5 gxh3 33. Bd1 hxg2 34. Rh5+ Kg3 35. Rg5+ Kh3 36. Nf4+ Kh4 37. Rg4# 1-0

[Event "Early-Titled-Tuesday-Blitz-March-05-2024"]
[Site "Chess.com"]
[Date "2024.03.05"]
[Round "4"]
[White "Austen48"]
[Black "PositionalPanther"]
[Result "0-1"]
[WhiteElo "2281"]
[BlackElo "2618"]
[TimeControl "180+1"]
[EndTime "8:41:54 PST"]
[Termination "PositionalPanther won by checkmate"]

1. d4 d5 2. c4 e6 3. Nc3 Nf6 4. cxd5 exd5 5. Bg5 c6 6. e3 Be7 7. Qc2 h6 8. Bh4 O-O 9. Bd3 Ne8 10. Bg3 Nd6 11. Nf3 Be6 12. h3 Nd7 13. O-O Re8 14.
Ne5 Nf8 15. Rae1 Rc8 16. Qb1 c5 17. dxc5 Rxc5 18. Rd1 Qc8 19. Ne2 Rd8 20. Rc1 Nc4 21.
Rfd1 Bf6 22. Nxc4 dxc4 23. Be4 Bd5 24. Nd4 Bxe4 25. Qxe4 Bxd4 26. Rxd4 Rxd4 27. exd4 Qc6 28. Qe2 Ra5 29. Rxc4 Qe6 30. Qxe6 Nxe6 31. a3 Rd5 32. Rb4 b6 33. Bb8 Nxd4 34. Bxa7 Nc6 35. Ra4 b5 36. Ra6 Ne5 37. Bb8 Nc4 38. b3 Nd2 39. b4 Ne4 40. Bf4 Rd1+ 41. Kh2 Nxf2 42. Ra8+ Kh7 43. Rb8 g5 44. Bg3 Rh1# 0-1

[Event "Early-Titled-Tuesday-Blitz-March-05-2024"]
[Site "Chess.com"]
[Date "2024.03.05"]
[Round "4"]
[White "goodnigth"]
[Black "ChessFanNM"]
[Result "0-1"]
[WhiteElo "1928"]
[BlackElo "2265"]
[TimeControl "180+1"]
[EndTime "8:41:54 PST"]
[Termination "ChessFanNM won on time"]

1. d4 d5 2. Nf3 Nf6 3. c3 Bf5 4. Qb3 Bc8 5. Bg5 c6 6. Nbd2 Ne4 7. Nxe4 dxe4 8. Nd2 Qd5 9. Bf4 Qxb3 10. axb3 f5 11. Bxb8 Rxb8 12. Rxa7 e5 13. e3 exd4 14. exd4 Bd6 15.
Bc4 b5 16. Be2 O-O 17. b4 Be6 18. O-O Bf4 19. Rd1 Ra8 20. Rxa8 Rxa8 21. g3 Bg5 22. h4 Bh6 23. Nf1 Ra2 24. Rb1 Bb3 25. Ne3 Bxe3 26. fxe3 Bc2 27. Rc1 Rxb2 28. d5 cxd5 29. Bxb5 Bb3 30.
Bc6 Kf7 31. b5 Ke6 32. b6 Bc4 33. b7 Kd6 34. Be8 Rxb7 35. Ra1 Rb3 36. Rc1 Ke7 37. Bh5 Kd6 38. Bd1 Ra3 0-1

[Event "Early-Titled-Tuesday-Blitz-March-05-2024"]
[Site "Chess.com"]
[Date "2024.03.05"]
[Round "4"]
[White "ChessSwole"]
[Black "LangesNasenhaar"]
[Result "1-0"]
[WhiteElo "2707"]
[BlackElo "2525"]
[TimeControl "180+1"]
[EndTime "8:41:55 PST"]
[Termination "ChessSwole won on time"]

1. e4 g6 2. d4 Bg7 3. Nf3 c6 4. Bd3 d5 5. e5 f6 6. Nbd2 Nh6 7. O-O O-O 8. c4 Nf5 9. Re1 Na6 10. Qb3 Nc7 11.
cxd5 Nxd5 12. Ne4 fxe5 13. dxe5 Kh8 14. Bd2 Qb6 15. Qa3 a5 16. Rad1 Be6 17. Nc5 Bc8 18.
Ng5 Nb4 19. Nce6 Bxe6 20. Nxe6 Rg8 21. Bc4 Bh6 22. Bxh6 Nxh6 23. Qh3 Nf5 24. Ng5 Rg7 25. Nf7+ Kg8 26. Nd8+ Kh8 27. Ne6 Rgg8 28. Rd7 Nc2 29. Red1 Qb4 30. Bb3 Ncd4 31. Nxd4 Nxd4 32. R7xd4 Qc5 33.
Bxg8 Rxg8 34. Rh4 h5 35. Qe3 Kh7 36. Qxc5 1-0

[Event "Early-Titled-Tuesday-Blitz-March-05-2024"]
[Site "Chess.com"]
[Date "2024.03.05"]
[Round "4"]
[White "ValentunHulka"]
[Black "dosto07"]
[Result "1-0"]
[WhiteElo "2782"]
[BlackElo "2556"]
[TimeControl "180+1"]
[EndTime "8:41:56 PST"]
[Termination "ValentunHulka won on time"]

1. e4 e5 2. Nf3 Nc6 3. Bb5 a6 4. Ba4 Nf6 5. O-O Be7 6. Re1 b5 7. Bb3 d6 8. c3 O-O 9. h3 Bb7 10. d4 Re8 11. Nbd2 Bf8 12. a3 h6 13. Ba2 Nb8 14. d5 c6 15. dxc6 Bxc6 16. b4 Nbd7 17.
Bb2 Nb6 18. Rc1 Rc8 19. c4 bxc4 20. Nxc4 Bxe4 21. Nxb6 Qxb6 22. Rxc8 Rxc8 23. Nd2 Bb7 24. Nc4 Qc6 25. Ne3 g6 26. Qd3 Qe4 27. Qd2 Qf4 28. Qd3 Qe4 29. Qd2 Qf4 30. Qd3 Ne4 31. f3 Qg3 32. Rd1 Nf2 33. Qb3 Nxh3+ 34. Kh1 Rc7 35.
Nf1 Qh4 36. gxh3 Qxh3+ 37. Kg1 Bxf3 38. Rd2 Qh1+ 39. Kf2 h5 40. Qxf3 Qh4+ 41. Qg3 Be7 42.
Qxh4 Bxh4+ 43. Kg2 Be7 44. Ne3 Rd7 45. Bxe5 1-0

[Event "Early-Titled-Tuesday-Blitz-March-05-2024"]
[Site "Chess.com"]
[Date "2024.03.05"]
[Round "4"]
[White "mfschulz"]
[Black "db-banana"]
[Result "0-1"]
[WhiteElo "2241"]
[BlackElo "2473"]
[TimeControl "180+1"]
[EndTime "8:41:56 PST"]
[Termination "db-banana won on time"]

1. d4 Nf6 2. Bg5 e6 3. Nd2 d5 4.
e3 b6 5. Bd3 Bb7 6. Ngf3 Bd6 7.
Ne5 Nbd7 8. f4 h6 9. Bh4 Be7 10. O-O O-O 11. Qf3 Ne8 12. Bxe7 Qxe7 13. c3 Nxe5 14. fxe5 f5 15. g4 g6 16. gxf5 exf5 17. Rf2 Ng7 18. Rg2 Qf7 19. Kh1 Ne6 20. Qh3 Kg7 21. Rag1 g5 22. Qg3 f4 23. exf4 Qxf4 24. Qh3 Rae8 25. Qh5 Qf7 26. Qg4 Nf4 27. Rg3 Bc8 28. Qf3 Nh5 29. Qxf7+ Rxf7 30. Rxg5+ hxg5 31. Rxg5+ Kf8 32. Rxh5 Rg7 0-1

[Event "Early-Titled-Tuesday-Blitz-March-05-2024"]
[Site "Chess.com"]
[Date "2024.03.05"]
[Round "4"]
[White "Arteler"]
[Black "Szachulec75"]
[Result "0-1"]
[WhiteElo "2437"]
[BlackElo "2218"]
[TimeControl "180+1"]
[EndTime "8:41:56 PST"]
[Termination "Szachulec75 won on time"]

1. Nf3 Nf6 2. d4 g6 3. g3 Bg7 4. Bg2 d6 5. c4 O-O 6. Nc3 Nbd7 7. O-O e5 8. dxe5 dxe5 9. Qc2 c6 10. Rd1 Qc7 11.
e4 a5 12. b3 Re8 13. Bb2 Nc5 14. Nd2 Qb6 15. Nf1 a4 16. Nxa4 Nxa4 17. bxa4 Nd7 18. Ne3 Nc5 19. Rab1 Qc7 20. Qd2 Nxa4 21. Nc2 Nxb2 22.
Rxb2 Be6 23. Qc3 Red8 24. Rxd8+ Qxd8 25. Qb3 b5 26. Ne3 Rb8 27. Qc2 b4 28. c5 f6 29.
Qd2 Qd4 30. Qxd4 exd4 31. Nc2 d3 32. Nxb4 f5 33. Nxd3 Bxb2 34. Nxb2 Rxb2 35. Bh3 Rxa2 36. exf5 Bxf5 37. Bxf5 gxf5 38. Kg2 Kf7 39. Kf3 Kf6 40. h4 Ra4 41. g4 fxg4+ 42. Kg3 Kf5 43. f4 h5 44. Kf2 Kxf4 45. Kg2 Ra2+ 46. Kh1 Kf3 0-1

[Event "Early-Titled-Tuesday-Blitz-March-05-2024"]
[Site "Chess.com"]
[Date "2024.03.05"]
[Round "4"]
[White "viviania"]
[Black "bulletteemo"]
[Result "1-0"]
[WhiteElo "2892"]
[BlackElo "2591"]
[TimeControl "180+1"]
[EndTime "8:41:58 PST"]
[Termination "viviania won by resignation"]

1. Nf3 c5 2. c4 Nc6 3. Nc3 Nf6 4. d4 cxd4 5. Nxd4 e6 6. g3 Be7 7. Bg2 O-O 8. O-O d5 9. cxd5 exd5 10. Be3 h6 11.
Rc1 Ne5 12. Bf4 Ng6 13. Bd2 Ne5 14. Qb3 Nc4 15. Rfd1 Be6 16. Be1 Qb6 17. Nxe6 fxe6 18.
Nxd5 exd5 19. Bxd5+ Nxd5 20. Qxc4 Qxb2 21. Rb1 Qf6 22.
Qxd5+ Kh8 23. Qxb7 Rad8 24. Rxd8 Rxd8 25. Qxa7 Qe6 26.
e3 Bf6 27. Rb8 Rxb8 28. Qxb8+ Kh7 29. Qb1+ Kg8 30. Qc2 h5 31. h4 Qd7 32. a4 Be5 33. a5 Qd6 34. Qc4+ Kh8 35. a6 1-0

[Event "Early-Titled-Tuesday-Blitz-March-05-2024"]
[Site "Chess.com"]
[Date "2024.03.05"]
[Round "4"]
[White "Chessmissile07"]
[Black "oneshot007"]
[Result "1-0"]
[WhiteElo "2908"]
[BlackElo "2560"]
[TimeControl "180+1"]
[EndTime "8:42:00 PST"]
[Termination "Chessmissile07 won by resignation"]

1. a3 Nf6 2. Nf3 c5 3. c4 g6 4. b4 cxb4 5. axb4 d5 6. e3 Bg7 7.
Bb2 O-O 8. c5 b6 9. Be2 Qc7 10.
d4 Ne4 11. Nc3 bxc5 12. bxc5 Nxc3 13. Bxc3 Nd7 14. Qb3 e5 15. O-O Bb7 16. Rfb1 Rfb8 17. Qa3 exd4 18. exd4 Nf8 19. Ba5 Qc8 20. Bb5 Ne6 21. Qa4 Ba6 22. Bd7 Qf8 23. Rxb8 Rxb8 24. Bxe6 fxe6 25. Bc7 Rb7 26. Qxa6 Qc8 27. g3 Rxc7 28.
Qxc8+ Rxc8 29. Rxa7 e5 30. dxe5 Rxc5 31. e6 Bf8 32.
Ra8 Kg7 33. Ra7+ Kg8 34. e7 1-0

[Event "Early-Titled-Tuesday-Blitz-March-05-2024"]
[Site "Chess.com"]
[Date "2024.03.05"]
[Round "4"]
[White "bylavochka"]
[Black "wild3000"]
[Result "0-1"]
[WhiteElo "2301"]
[BlackElo "2490"]
[TimeControl "180+1"]
[EndTime "8:42:00 PST"]
[Termination "wild3000 won on time"]

1. e4 a6 2. g3 h5 3. h3 b5 4. Bg2 Bb7 5. d3 e6 6. Nd2 d5 7. Qe2 Nf6 8. Ngf3 Be7 9. c3 c5 10. O-O dxe4 11. dxe4 Nc6 12. a4 c4 13. Rd1 Qb6 14.
Nf1 Nd7 15. Be3 Bc5 16. Bxc5 Nxc5 17. axb5 axb5 18. Qe3 Rxa1 19. Rxa1 Na4 20. Qg5 O-O 21. Qxh5 f6 22. Nh4 Qc5 23. Qe2 Ne5 24. Ne3 Rd8 25. Nc2 Nxb2 26. Nd4 Na4 27. Nxe6 Qd6 28. Nxd8 Qxd8 29. Rd1 Nd3 30. Qh5 Nxc3 31. Rd2 b4 32. Ng6 Qd4 33. Nf4 Bc6 34. Qa5 b3 35. Nxd3 cxd3 36.
Qa6 Ne2+ 37. Kh2 Bxe4 0-1